Map: Dreamcatcher LE

Players

Goliat

  • Race: Terran Terran
  • League: Platinum
  • Spawn Location: 11:00

ghostdog - Winner!

  • Race: Protoss Protoss
  • League: Platinum
  • Spawn Location: 5:00

VOD

Have the link to the VOD?

Description

Time

  • Played on: Nov. 5, 2018, 7:27 p.m.
  • Length: 20:43
Show
View Real Time Build Order
Export as new Build Order

Goliat Terran 

Build Orders:  

Get SALT Encoding   

  12  0:00  SCV  
  13  0:17  Supply Depot  
  13  0:18  SCV  
  14  0:30  SCV  
  15  0:40  Barracks  
  15  0:42  SCV  
  16  0:47  Refinery  
  16  0:54  SCV  
  17  1:06  SCV  
  18  1:19  SCV  
  19  1:31  SCV  
  19  1:32  Reaper  
  21  1:34  Supply Depot  
  21  1:45  Orbital Command  
  21  1:57  Command Center  
  21  2:12  Factory  
  21  2:15  SCV  
  22  2:24  Barracks Reactor  
  22  2:27  SCV  
  22  2:28  Refinery  
  23  2:39  SCV  
  25  2:51  SCV  
  25  3:08  Barracks Tech Lab  
  25  3:10  Orbital Command, Barracks  
  25  3:13  Supply Depot  
  24  3:22  Cyclone x2  
  30  3:29  Marauder  
  32  3:37  SCV  
  33  3:46  SCV  
  32  3:49  SCV  
  32  3:54  Cyclone  
  32  3:58  SCV  
  32  4:10  Cyclone  
  35  4:17  SCV  
  35  4:18  SCV  
  37  4:28  Marauder  
  37  4:29  SCV  
  40  4:39  SCV  
  40  4:42  SCV  
  40  4:45  Concussive Shells  
  42  4:47  Barracks Reactor  
  42  4:52  Cyclone  
  45  4:57  Refinery, SCV x2  
  47  5:07  Engineering Bay  
  47  5:08  Marauder  
  47  5:09  SCV  
  50  5:16  SCV  
  50  5:17  Barracks  
  50  5:21  SCV  
  52  5:34  Barracks  
  52  5:35  Factory Tech Lab  
  52  5:36  Marine x2  
  52  5:39  Stimpack  
  52  5:42  Supply Depot  
  54  5:46  Supply Depot  
  54  5:49  SCV x2  
  58  5:50  Marauder  
  58  5:54  Terran Infantry Weapons Level 1  
  58  5:59  Marine, Siege Tank  
  58  6:03  Marine  
  58  6:04  SCV x2  
  65  6:06  Supply Depot  
  65  6:07  Supply Depot  
  65  6:16  SCV x2  
  65  6:17  Marine  
  70  6:18  Marauder  
  70  6:26  Bunker  
  70  6:30  Marine  
  70  6:31  Supply Depot  
  71  6:34  Siege Tank  
  71  6:35  Marine  
  75  6:47  Marine  
  75  6:48  Marine  
  75  6:49  Marine x2  
  75  6:51  Barracks Reactor  
  79  7:00  SCV x2  
  81  7:05  Marauder  
  81  7:06  Missile Turret  
  83  7:12  SCV x2  
  83  7:15  Siege Tank  
  88  7:24  SCV x2  
  88  7:29  Marine x3  
  92  7:30  Marine x3  
  92  7:31  Marauder  
  92  7:36  SCV  
  99  7:40  Starport  
  99  7:56  Refinery  
  99  8:16  Marine x3, Command Center  
  102  8:23  Supply Depot  
  102  8:24  Supply Depot, Terran Infantry Armor Level 1  
  102  8:26  Supply Depot  
  102  8:29  Engineering Bay  
  102  8:33  Armory  
  102  8:37  Marine x6, Marauder  
  110  8:42  Starport Reactor  
  110  8:43  Siege Tank  
  113  8:55  Marine, SCV x2  
  116  8:59  Marauder  
  116  9:01  Marine x4  
  116  9:02  Marine, Factory  
  123  9:05  Combat Shield  
  123  9:07  SCV x2  
  123  9:08  Refinery  
  125  9:12  Marine  
  126  9:17  Refinery  
  126  9:19  Marine  
  126  9:20  Marine, Marauder  
  126  9:22  Marine  
  131  9:30  Barracks  
  131  9:33  Barracks  
  131  9:35  Barracks  
  131  9:38  Marine x3  
  131  9:39  Marine x2  
  131  9:40  Marine  
  131  9:41  Marauder  
  131  9:42  Medivac  
  131  9:43  Medivac  
  131  9:45  SCV x2  
  145  9:49  Orbital Command  
  145  9:57  SCV x2  
  145  9:59  Marine x3  
  150  10:12  Medivac  
  150  10:14  Terran Infantry Weapons Level 2, Starport  
  152  10:16  Terran Vehicle Weapons Level 1  
  152  10:20  Marauder  
  154  10:23  Barracks Tech Lab  
  154  10:24  Barracks Tech Lab  
  154  10:25  Barracks Tech Lab  
  154  10:26  Factory Tech Lab  
  154  10:29  Marine x3  
  157  10:40  Supply Depot  
  157  10:42  Supply Depot  
  157  10:45  Supply Depot  
  157  10:48  Supply Depot  
  157  10:58  Sensor Tower  
  157  11:01  Marine, SCV x3  
  161  11:11  Missile Turret x2  
  161  11:12  Marauder x4  
  161  11:13  SCV x3  
  161  11:14  Siege Tank x2  
  161  11:15  Missile Turret  
  161  11:17  Viking  
  180  11:20  Starport Reactor  
  180  11:26  Starport Reactor  
  180  11:35  SCV x3  
  180  11:38  Missile Turret  
  183  11:46  Marauder x2  
  187  11:47  Supply Depot, SCV x2  
  189  12:08  Thor  
  189  12:13  Marauder  
  197  13:06  Marine x4  
  197  13:07  Marine x2, Medivac  
  197  13:08  Medivac, Widow Mine  
  197  13:09  Thor, Marauder x3  
  197  13:10  Marauder  
  197  13:11  Liberator x2  
  139  13:24  Marine x5  
  139  13:25  Marine  
  122  13:29  Marine  
  122  13:30  Siege Tank  
  122  13:31  Marauder x3  
  125  13:42  Marine x3  
  125  13:48  Marauder, Viking x2, Sensor Tower  
  132  13:52  Marauder x2  
  132  13:53  Widow Mine  
  140  14:02  Siege Tank  
  143  14:10  Marauder  
  143  14:11  Marauder, Viking x2  
  143  14:12  Marine x2  
  143  14:13  Marine x3  
  143  14:14  Siege Tank  
  159  14:18  Viking  
  161  14:28  Marauder  
  161  14:29  Marauder  
  165  14:31  Marine x2  
  165  14:32  Marine x4, Marauder x2  
  165  14:34  Siege Tank  
  178  14:46  Siege Tank  
  178  14:49  Marine x3, Command Center  
  184  15:05  Command Center  
  184  15:06  Siege Tank  
  187  15:12  Marine x6  
  187  15:13  Marauder x2  
  197  15:18  Supply Depot  
  197  15:39  Marine x3  
  200  15:56  Marine x2  
  198  15:58  Siege Tank x2  
  178  16:05  Supply Depot  
  100  16:19  Viking x3  
  100  16:20  Viking  
  100  16:24  Marauder x2  
  100  16:25  Marauder x2  
  103  16:27  Marine x2  
  103  16:28  Marine x4  
  103  16:29  Supply Depot  
  107  16:37  Planetary Fortress  
  107  16:45  Marine  
  108  16:48  Marauder x2  
  108  16:49  Marauder, Viking x2  
  108  16:53  Viking, Refinery  
  108  16:54  Refinery  
  120  17:00  Viking  
  122  17:05  Terran Infantry Armor Level 2  
  122  17:17  Marine x2  
  122  17:18  Marine x3  
  122  17:19  Marauder x2, Viking  
  122  17:22  Viking  
  135  17:29  Command Center  
  135  17:31  Marauder x2  
  135  17:33  Viking  
  133  17:51  Marauder x2  
  133  17:52  Marauder  
  133  17:53  Marauder  
  133  17:54  Viking x3  
  147  18:00  Siege Tank x2  
  147  18:03  Medivac  
  155  18:06  Orbital Command  
  155  18:13  Marauder  
  155  18:18  Marauder x2  
  161  18:21  Marine x5  
  161  18:22  Marine  
  161  18:24  Medivac x2, Viking  
  173  18:30  Terran Ship Weapons Level 1  
  173  18:32  Siege Tank  
  176  18:50  Viking  
  176  18:51  Command Center  
  176  18:52  Marine x4  
  176  18:53  Marine x6  
  176  18:54  Viking  
  190  19:10  Marine x2  
  105  19:34  Marine x2  
  105  19:35  Marine x4, Marauder x2  
  89  19:52  Marine  
  89  19:56  Marauder  
Show
View Real Time Build Order
Export as new Build Order

ghostdog Protoss - Winner!

Build Orders: Carriers 

Get SALT Encoding   

  12  0:01  Probe  
  13  0:13  Probe  
  14  0:20  Pylon  
  14  0:29  Probe  
  15  0:39  Gateway  
  15  0:41  Probe  
  16  0:47  Assimilator  
  16  0:53  Probe  
  17  1:02  Assimilator  
  17  1:05  Probe  
  18  1:30  Cybernetics Core  
  18  1:35  Gateway  
  19  1:40  Probe  
  19  1:50  Gateway  
  19  1:52  Probe  
  20  2:01  Stalker  
  20  2:04  Probe, Pylon  
  21  2:15  Stalker  
  23  2:28  Warp Gate  
  25  2:31  Probe  
  25  2:36  Stalker  
  28  2:48  Stalker  
  30  3:03  Pylon  
  31  3:12  Probe  
  31  3:21  Stalker  
  29  4:22  Zealot  
  29  4:23  Zealot x2  
  35  4:24  Nexus  
  35  4:29  Twilight Council  
  35  4:34  Robotics Facility  
  35  4:45  Probe, Charge  
  36  4:51  Pylon  
  36  4:57  Probe, Pylon  
  36  4:59  Sentry  
  39  5:11  Sentry  
  39  5:12  Immortal  
  41  5:23  Gateway  
  45  5:29  Probe  
  46  5:37  Probe  
  46  5:41  Probe  
  48  5:46  Zealot x3  
  48  5:49  Probe  
  55  5:58  Probe  
  55  6:01  Probe  
  55  6:02  Robotics Bay  
  55  6:03  Observer  
  58  6:13  Probe  
  59  6:19  Forge  
  59  6:25  Probe  
  60  6:31  Pylon  
  60  6:35  Zealot x2  
  60  6:36  Zealot  
  60  6:37  Probe  
  67  6:44  Probe  
  67  6:46  Protoss Ground Weapons Level 1  
  68  6:49  Probe  
  68  6:51  Colossus  
  68  6:52  Extended Thermal Lance  
  75  7:01  Probe  
  75  7:06  Probe  
  77  7:13  Probe, Assimilator  
  78  7:16  Assimilator  
  78  7:21  Pylon  
  78  7:25  Probe  
  78  7:28  Pylon  
  78  7:39  Probe, Pylon  
  79  7:44  Probe  
  79  7:49  Colossus  
  86  8:06  Probe  
  87  8:17  Nexus  
  87  8:28  Robotics Facility  
  87  8:31  Gateway  
  88  8:34  Probe, Gateway  
  88  8:39  Probe, Protoss Ground Weapons Level 2  
  89  8:46  Probe  
  89  8:47  Pylon  
  90  8:49  Pylon  
  90  8:52  Colossus, Probe  
  97  9:03  Forge  
  97  9:07  Photon Cannon  
  97  9:09  Photon Cannon  
  97  9:10  Blink  
  97  9:16  Probe  
  98  9:29  Probe, Immortal  
  103  9:35  Assimilator  
  103  9:39  Zealot  
  103  9:40  Zealot  
  103  9:41  Assimilator  
  107  9:49  Photon Cannon  
  107  9:52  Templar Archives, Photon Cannon  
  107  9:55  Probe  
  107  9:58  Sentry x3  
  114  10:04  Zealot x2  
  118  10:07  Probe  
  118  10:09  Observer  
  118  10:12  Colossus  
  126  10:23  Probe  
  127  10:33  Probe  
  128  10:35  Probe  
  128  10:38  Psionic Storm, Nexus  
  128  10:42  High Templar  
  131  10:43  High Templar  
  133  10:57  Pylon  
  133  11:02  Pylon  
  133  11:09  Pylon  
  133  11:10  Protoss Ground Weapons Level 3  
  133  11:13  Protoss Ground Armor Level 1  
  133  11:15  Probe x3  
  136  11:20  Pylon  
  136  11:27  Probe x3  
  139  11:34  Stargate  
  139  11:39  Probe x3  
  142  11:40  Stargate, Pylon  
  142  11:50  Probe  
  142  11:51  Probe x2  
  145  12:02  Probe  
  145  12:03  Probe  
  146  12:11  Protoss Air Weapons Level 1  
  146  12:14  Probe  
  148  12:15  Probe  
  148  12:26  Probe  
  148  12:29  Fleet Beacon  
  149  12:33  Probe  
  150  12:38  Probe  
  150  12:40  Assimilator  
  150  12:44  Assimilator  
  150  12:45  Probe  
  151  12:58  Probe  
  152  13:10  Probe  
  132  13:17  Archon  
  104  13:34  Stalker x4  
  104  13:35  Stalker x2  
  104  13:41  Colossus x2  
  116  13:45  Protoss Shields Level 1  
  140  13:53  Protoss Ground Armor Level 2  
  140  14:02  Zealot x5  
  150  14:03  Zealot  
  150  14:09  Carrier x2, Probe  
  153  14:14  Probe  
  154  14:21  Probe  
  155  14:26  Probe x2  
  155  14:27  Nexus  
  157  14:34  Mothership  
  165  14:38  Probe  
  165  14:43  Protoss Air Weapons Level 2  
  165  14:45  Immortal x2  
  174  14:49  Nexus  
  174  14:50  Probe  
  175  15:07  Zealot  
  175  15:08  Zealot  
  175  15:09  Pylon  
  175  15:11  Pylon  
  175  15:13  Pylon  
  185  15:29  Immortal x2  
  197  15:47  Carrier  
  197  15:48  Zealot x2, Carrier  
  140  16:28  Stalker  
  140  16:29  Stalker x3  
  140  16:30  Stalker  
  140  16:31  Stalker  
  152  16:35  Probe  
  153  16:47  Probe x2  
  153  16:51  Assimilator  
  155  16:56  Assimilator  
  155  16:57  Pylon  
  155  16:59  Probe x2  
  155  17:00  High Templar x5, Pylon  
  155  17:01  High Templar  
  169  17:02  Pylon  
  181  17:13  Immortal  
  181  17:15  Immortal  
  189  17:17  Protoss Ground Armor Level 3  
  189  17:18  Protoss Shields Level 2  
  189  17:20  Protoss Air Weapons Level 3  
  189  17:26  Carrier x2  
  189  17:30  Gateway  
  189  17:31  Gateway  
  189  17:33  Gateway  
  189  17:35  Gateway  
  189  17:37  Gateway  
  189  17:44  Gateway  
  189  17:46  Gateway  
  189  17:49  Gateway  
  189  17:52  Gateway  
  189  17:54  Gateway  
  189  17:56  Gateway  
  189  17:59  Zealot  
  189  18:00  Zealot x4  
  199  18:37  Pylon  
  199  18:40  Pylon  
  199  18:43  Assimilator  
  199  18:48  Assimilator  
  199  18:51  Pylon  
Tags
 
Add a new tag
Caveats
  • Supply blocks, unpowered buildings, or Contaminate may cause inaccurate times.
  • Supply counts are checked every 10 seconds.